| TOP OF THE 1ST |
|
Miami Whales batting - Pitching for Daytona Beach Islanders : LHP Carlton Roberts
|
|
Pitching: LHP Carlton Roberts
|
|
|
Batting: SHB Ramon Alcantara
|
0-0: Ball 1-0: Called Strike 1-1: Ball 2-1: Fly out, F6 (Line Drive, 6, EV 67.5 MPH)
|
|
Batting: RHB Tom Grant
|
0-0: Ball 1-0: Ball 2-0: Swinging Strike 2-1: Ground out 6-3 (Groundball, 6, EV 90.6 MPH)
|
|
Batting: LHB Lorenzo Bundy
|
0-0: Ball 1-0: Ball 2-0: Fly out, F8 (Flyball, 78M, EV 91.3 MPH)
|
| Top of the 1st over - 0 runs, 0 hits, 0 errors, 0 left on base; Miami 0 - Daytona Beach 0 |
| BOTTOM OF THE 1ST |
|
Daytona Beach Islanders batting - Pitching for Miami Whales : LHP Alex Gomez
|
|
Pitching: LHP Alex Gomez
|
|
|
Batting: SHB Michael Frierson
|
0-0: Called Strike 0-1: Ball 1-1: Foul Ball, location: 2F 1-2: Fly out, F4 (Popup, 4M, EV 62.5 MPH)
|
|
Batting: RHB Juan Salinas
|
0-0: Swinging Strike 0-1: Ball 1-1: Called Strike 1-2: Fly out, F4 (Popup, 4, EV 75.6 MPH)
|
|
Batting: LHB Jim Eppard
|
0-0: Fly out, F7 (Flyball, 7LM, EV 90.6 MPH)
|
| Bottom of the 1st over - 0 runs, 0 hits, 0 errors, 0 left on base; Miami 0 - Daytona Beach 0 |
| TOP OF THE 2ND |
|
Miami Whales batting - Pitching for Daytona Beach Islanders : LHP Carlton Roberts
|
|
Batting: RHB Alex Dominguez
|
0-0: Ball 1-0: Ground out 5-3 (Groundball, 5, EV 78.1 MPH)
|
|
Batting: RHB Ramon Cardenas
|
0-0: Ball 1-0: Fly out, F7 (Flyball, 78M, EV 83.8 MPH)
|
|
Batting: SHB Philip Rossi
|
0-0: Called Strike 0-1: Called Strike 0-2: Reached on error, E5 (Groundball, 56, EV 77.5 MPH)
|
|
Batting: LHB Brad Garnett
|
0-0: SINGLE (Groundball, 4MD, EV 98.8 MPH) (infield hit) Philip Rossi to third
|
|
Batting: RHB Butch Rowe
|
0-0: Ball 1-0: Ball 2-0: Ball 3-0: Called Strike 3-1: SINGLE (Popup, 4D, EV 68.8 MPH) Philip Rossi scores Brad Garnett to second Runner from 2nd tries for 3rd, SAFE, no throw by 2B
|
|
Batting: SHB Santiago Fernandez
|
0-0: Ball 1-0: Ball 2-0: Foul Ball, location: 2F 2-1: SINGLE (Groundball, 6MD, EV 96.9 MPH) Brad Garnett scores Butch Rowe to second Runner from 2nd tries for 3rd, SAFE, throw by CF made to third
|
|
Batting: SHB Ramon Alcantara
|
0-0: SINGLE (Groundball, 56, EV 100.0 MPH) (infield hit) Butch Rowe scores Santiago Fernandez to second
|
|
Batting: RHB Tom Grant
|
0-0: Ball 1-0: Fielders Choice at 2nd, 5-4 (Groundball, 56, EV 80.0 MPH)
|
| Top of the 2nd over - 3 runs, 4 hits, 1 error, 2 left on base; Miami 3 - Daytona Beach 0 |
| BOTTOM OF THE 2ND |
|
Daytona Beach Islanders batting - Pitching for Miami Whales : LHP Alex Gomez
|
|
Batting: RHB Columbus Duncan
|
0-0: Called Strike 0-1: Reached on error, E2 (Groundball, 15S, EV 71.3 MPH)
|
|
Batting: RHB Douglas Wabeke
|
0-0: Called Strike 0-1: Ball 1-1: Ball 2-1: Ball 3-1: Base on Balls
|
|
Batting: RHB Jose Gonzalez
|
0-0: Grounds into double play, 4-6-3 (Groundball, 4, EV 90.6 MPH) Columbus Duncan to third
|
|
Batting: RHB Jeff Rutledge
|
0-0: Called Strike 0-1: Swinging Strike 0-2: Ball 1-2: Ball 2-2: Foul Ball, location: 2F 2-2: DOUBLE (Groundball, 3L, EV 104.4 MPH) Columbus Duncan scores
|
|
Batting: RHB Jeffrey Coker
|
0-0: Fly out, F8 (Flyball, 89D, EV 94.4 MPH)
|
| Bottom of the 2nd over - 1 run, 1 hit, 1 error, 1 left on base; Miami 3 - Daytona Beach 1 |
| TOP OF THE 3RD |
|
Miami Whales batting - Pitching for Daytona Beach Islanders : LHP Carlton Roberts
|
|
Batting: LHB Lorenzo Bundy
|
0-0: Ball 1-0: Called Strike 1-1: SINGLE (Groundball, 4MD, EV 104.4 MPH)
|
|
Batting: RHB Alex Dominguez
|
0-0: Ball 1-0: Ball 2-0: Called Strike 2-1: Foul Ball, location: 2F 2-2: Ball 3-2: Grounds into double play, 5-4-3 (Groundball, 56S, EV 81.9 MPH)
|
|
Batting: RHB Ramon Cardenas
|
0-0: Ball 1-0: Ball 2-0: Called Strike 2-1: Ball 3-1: Fly out, F8 (Flyball, 8LD, EV 90.0 MPH)
|
| Top of the 3rd over - 0 runs, 1 hit, 0 errors, 0 left on base; Miami 3 - Daytona Beach 1 |
| BOTTOM OF THE 3RD |
|
Daytona Beach Islanders batting - Pitching for Miami Whales : LHP Alex Gomez
|
|
Batting: RHB Dale Jones
|
0-0: Swinging Strike 0-1: Ball 1-1: Ball 2-1: Foul Ball, location: 2F 2-2: Strikes out swinging
|
|
Batting: SHB Michael Frierson
|
0-0: Swinging Strike 0-1: Ball 1-1: Foul Ball, location: 2F 1-2: Ball 2-2: Ball 3-2: Foul Ball, location: 2F 3-2: Strikes out swinging
|
|
Batting: RHB Juan Salinas
|
0-0: Ball 1-0: Called Strike 1-1: Fly out, F4 (Popup, 4MD, EV 53.8 MPH)
|
| Bottom of the 3rd over - 0 runs, 0 hits, 0 errors, 0 left on base; Miami 3 - Daytona Beach 1 |
| TOP OF THE 4TH |
|
Miami Whales batting - Pitching for Daytona Beach Islanders : LHP Carlton Roberts
|
|
Batting: SHB Philip Rossi
|
0-0: Fly out, F7 (Flyball, 7D, EV 83.8 MPH)
|
|
Batting: LHB Brad Garnett
|
0-0: Foul Ball, location: 2F 0-1: Ball 1-1: Swinging Strike 1-2: Ball 2-2: SINGLE (Flyball, 9S, EV 83.1 MPH)
|
|
Batting: RHB Butch Rowe
|
0-0: Foul Ball, location: 2F 0-1: Foul Ball, location: 2F 0-2: Grounds into double play, 5-4-3 (Groundball, 56S, EV 84.4 MPH)
|
| Top of the 4th over - 0 runs, 1 hit, 0 errors, 0 left on base; Miami 3 - Daytona Beach 1 |
| BOTTOM OF THE 4TH |
|
Daytona Beach Islanders batting - Pitching for Miami Whales : LHP Alex Gomez
|
|
Batting: LHB Jim Eppard
|
0-0: Ball 1-0: Swinging Strike 1-1: Ball 2-1: Foul Ball, location: 2F 2-2: Foul Ball, location: 2F 2-2: Ball 3-2: Ground out 4-3 (Groundball, 4, EV 103.8 MPH)
|
|
Batting: RHB Columbus Duncan
|
0-0: Called Strike 0-1: SOLO HOME RUN (Flyball, 7D, EV 94.4 MPH), Distance : 359 ft
|
|
Batting: RHB Douglas Wabeke
|
0-0: Ball 1-0: Foul Ball, location: 2F 1-1: Foul Ball, location: 2F 1-2: Ground out U3 (Groundball, 34, EV 99.4 MPH)
|
|
Batting: RHB Jose Gonzalez
|
0-0: Foul Ball, location: 2F 0-1: Ball 1-1: Called Strike 1-2: Foul Ball, location: 2F 1-2: Foul Ball, location: 2F 1-2: Ball 2-2: Ball 3-2: DOUBLE (Line Drive, 7LM, EV 111.3 MPH)
|
|
Batting: RHB Jeff Rutledge
|
0-0: Swinging Strike 0-1: Ground out 2-3 (Groundball, 2R, EV 61.9 MPH)
|
| Bottom of the 4th over - 1 run, 2 hits, 0 errors, 1 left on base; Miami 3 - Daytona Beach 2 |
| TOP OF THE 5TH |
|
Miami Whales batting - Pitching for Daytona Beach Islanders : LHP Carlton Roberts
|
|
Batting: SHB Santiago Fernandez
|
0-0: Ball 1-0: Foul Ball, location: 2F 1-1: Fly out, F8 (Flyball, 8LM, EV 73.1 MPH)
|
|
Batting: SHB Ramon Alcantara
|
0-0: Called Strike 0-1: Swinging Strike 0-2: Foul Ball, location: 2F 0-2: Fly out, F8 (Flyball, 89D, EV 92.5 MPH)
|
|
Batting: RHB Tom Grant
|
0-0: Ground out 6-3 (Groundball, 6, EV 85.6 MPH)
|
| Top of the 5th over - 0 runs, 0 hits, 0 errors, 0 left on base; Miami 3 - Daytona Beach 2 |
| BOTTOM OF THE 5TH |
|
Daytona Beach Islanders batting - Pitching for Miami Whales : LHP Alex Gomez
|
|
Batting: RHB Jeffrey Coker
|
0-0: Foul Ball, location: 2F 0-1: Foul Ball, location: 2F 0-2: SOLO HOME RUN (Flyball, 7D, EV 91.3 MPH), Distance : 355 ft
|
|
Batting: RHB Dale Jones
|
0-0: Reached on error, E6 (Groundball, 6, EV 110.6 MPH)
|
|
Batting: SHB Michael Frierson
|
0-0: Foul Ball, location: 2F 0-1: Foul Ball, location: 2F 0-2: Ball 1-2: Foul Ball, location: 2F 1-2: Ground out 4-3 (Groundball, 4, EV 86.9 MPH) Dale Jones to third
|
|
Batting: RHB Juan Salinas
|
0-0: Swinging Strike 0-1: Ball 1-1: DOUBLE (Line Drive, 5D, EV 95.0 MPH) Dale Jones scores
|
|
Batting: LHB Jim Eppard
|
0-0: Ground out 4-3 (Groundball, 4, EV 98.8 MPH) Juan Salinas to third
|
|
Batting: RHB Columbus Duncan
|
0-0: Ball 1-0: Fly out, F8 (Flyball, 8RS, EV 76.3 MPH)
|
| Bottom of the 5th over - 2 runs, 2 hits, 1 error, 1 left on base; Miami 3 - Daytona Beach 4 |
| TOP OF THE 6TH |
|
Miami Whales batting - Pitching for Daytona Beach Islanders : LHP Carlton Roberts
|
|
Batting: LHB Lorenzo Bundy
|
0-0: Called Strike 0-1: Ball 1-1: Ball 2-1: Foul Ball, location: 2F 2-2: Foul Ball, location: 2F 2-2: SINGLE (Groundball, 4MD, EV 105.6 MPH)
|
|
Batting: RHB Alex Dominguez
|
0-0: Called Strike 0-1: Ball 1-1: Swinging Strike 1-2: Ball 2-2: Ball 3-2: Base on Balls Lorenzo Bundy to second
|
|
Batting: RHB Ramon Cardenas
|
0-0: Ball 1-0: Ball 2-0: Ball 3-0: Base on Balls Lorenzo Bundy to third Alex Dominguez to second
|
|
Batting: SHB Philip Rossi
|
0-0: Foul Ball, location: 2F 0-1: Ball 1-1: Swinging Strike 1-2: Ball 2-2: Foul Ball, location: 2F 2-2: Fly out, F8 (Flyball, 89M, EV 73.8 MPH)
|
|
Batting: LHB Brad Garnett
|
0-0: Ball 1-0: Called Strike 1-1: Foul Ball, location: 2F 1-2: Ball 2-2: Strikes out looking
|
|
Batting: RHB Butch Rowe
|
0-0: Foul Ball, location: 2F 0-1: Ball Wild Pitch! Lorenzo Bundy scores Alex Dominguez to third Ramon Cardenas to second 1-1: Fly out, F7 (Flyball, 7, EV 86.9 MPH)
|
| Top of the 6th over - 1 run, 1 hit, 0 errors, 2 left on base; Miami 4 - Daytona Beach 4 |
| BOTTOM OF THE 6TH |
|
Daytona Beach Islanders batting - Pitching for Miami Whales : LHP Alex Gomez
|
|
Batting: RHB Douglas Wabeke
|
0-0: Ball 1-0: Foul Ball, location: 2F 1-1: DOUBLE (Groundball, 3L, EV 94.4 MPH)
|
|
Batting: RHB Jose Gonzalez
|
0-0: Ground out 6-3 (Groundball, 6M, EV 107.5 MPH) Douglas Wabeke to third
|
|
Batting: RHB Jeff Rutledge
|
0-0: Ground out 6-3 (Groundball, 6, EV 80.0 MPH)
|
|
Batting: RHB Jeffrey Coker
|
0-0: Ball 1-0: Swinging Strike 1-1: Ball 2-1: Ball 3-1: Called Strike 3-2: Base on Balls
|
|
Batting: RHB Dale Jones
|
0-0: Called Strike 0-1: Foul Ball, location: 2F 0-2: Ball 1-2: Ball 2-2: Foul Ball, location: 2F 2-2: Foul Ball, location: 2F 2-2: Strikes out swinging
|
| Bottom of the 6th over - 0 runs, 1 hit, 0 errors, 2 left on base; Miami 4 - Daytona Beach 4 |
| TOP OF THE 7TH |
|
Miami Whales batting - Pitching for Daytona Beach Islanders : LHP Carlton Roberts
|
|
Batting: SHB Santiago Fernandez
|
0-0: Called Strike 0-1: Ball 1-1: Ball 2-1: Foul Ball, location: 2F 2-2: Strikes out swinging
|
|
Batting: SHB Ramon Alcantara
|
0-0: Foul Ball, location: 2F 0-1: Foul Ball, location: 2F 0-2: Foul Ball, location: 2F 0-2: Ball 1-2: Fly out, F8 (Flyball, 8LM, EV 88.1 MPH)
|
|
Batting: RHB Tom Grant
|
0-0: Ball 1-0: Ground out U3 (Groundball, 34, EV 87.5 MPH)
|
| Top of the 7th over - 0 runs, 0 hits, 0 errors, 0 left on base; Miami 4 - Daytona Beach 4 |
| BOTTOM OF THE 7TH |
|
Daytona Beach Islanders batting - Pitching for Miami Whales : LHP Alex Gomez
|
|
Batting: SHB Michael Frierson
|
0-0: Called Strike 0-1: Ball 1-1: Fly out, F8 (Flyball, 8RD, EV 91.3 MPH)
|
|
Batting: RHB Juan Salinas
|
0-0: Called Strike 0-1: Foul Ball, location: 2F 0-2: Ball 1-2: Foul Ball, location: 2F 1-2: Ground out 4-3 (Groundball, 4, EV 98.1 MPH)
|
|
Batting: LHB Jim Eppard
|
0-0: Called Strike 0-1: Foul Ball, location: 2F 0-2: Foul Ball, location: 2F 0-2: Ball 1-2: SINGLE (Line Drive, 8RS, EV 109.4 MPH)
|
|
Batting: RHB Columbus Duncan
|
0-0: Called Strike 0-1: Ground out U3 (Groundball, 3L, EV 90.6 MPH)
|
| Bottom of the 7th over - 0 runs, 1 hit, 0 errors, 1 left on base; Miami 4 - Daytona Beach 4 |
| TOP OF THE 8TH |
|
Miami Whales batting - Pitching for Daytona Beach Islanders : LHP Carlton Roberts
|
|
Batting: LHB Lorenzo Bundy
|
0-0: Ground out 6-3 (Groundball, 56, EV 81.9 MPH)
|
|
Batting: RHB Alex Dominguez
|
0-0: Ball 1-0: Ground out 6-3 (Groundball, 6S, EV 86.3 MPH)
|
|
Batting: RHB Ramon Cardenas
|
0-0: Called Strike 0-1: Ball 1-1: Called Strike 1-2: Reached on error, E6 (Groundball, 6S, EV 78.8 MPH)
|
|
Batting: SHB Philip Rossi
|
0-0: Ball Ramon Cardenas steals 2nd, throwing error, E2 Ramon Cardenas to third 1-0: Intentional Walk
|
|
Batting: LHB Brad Garnett
|
0-0: Ball 1-0: 3-RUN HOME RUN (Flyball, 9LD, EV 89.4 MPH), Distance : 345 ft
|
|
Pitching: RHP Michael Rostas
|
|
|
Batting: RHB Butch Rowe
|
0-0: Ball 1-0: Foul Ball, location: 2F 1-1: Ground out 6-3 (Groundball, 6, EV 109.4 MPH)
|
| Top of the 8th over - 3 runs, 1 hit, 2 errors, 0 left on base; Miami 7 - Daytona Beach 4 |
| BOTTOM OF THE 8TH |
|
Daytona Beach Islanders batting - Pitching for Miami Whales : LHP Alex Gomez
|
|
Batting: RHB Douglas Wabeke
|
0-0: Swinging Strike 0-1: SOLO HOME RUN (Flyball, 7D, EV 106.9 MPH), Distance : 382 ft
|
|
Batting: RHB Jose Gonzalez
|
0-0: Called Strike 0-1: Ball 1-1: Foul Ball, location: 2F 1-2: Fly out, F7 (Flyball, 7D, EV 88.1 MPH)
|
|
Batting: RHB Jeff Rutledge
|
0-0: Ground out 6-3 (Groundball, 6, EV 88.1 MPH)
|
|
Batting: RHB Jeffrey Coker
|
0-0: Foul Ball, location: 2F 0-1: Called Strike 0-2: SINGLE (Groundball, 4MD, EV 95.0 MPH)
|
|
Batting: RHB Dale Jones
|
0-0: Foul Ball, location: 2F 0-1: Fielders Choice at 2nd, 6-4 (Groundball, 6, EV 85.0 MPH)
|
| Bottom of the 8th over - 1 run, 2 hits, 0 errors, 1 left on base; Miami 7 - Daytona Beach 5 |
| TOP OF THE 9TH |
|
Miami Whales batting - Pitching for Daytona Beach Islanders : RHP Michael Rostas
|
|
Pitching: LHP Richard Ford
|
|
|
Batting: SHB Santiago Fernandez
|
0-0: Ball 1-0: Ball 2-0: Fly out, F8 (Flyball, 8LS, EV 79.4 MPH)
|
|
Batting: SHB Ramon Alcantara
|
0-0: Called Strike 0-1: Foul Ball, location: 2F 0-2: Ball 1-2: SINGLE (Flyball, 6MD, EV 90.0 MPH)
|
|
Batting: RHB Tom Grant
|
0-0: Ball 1-0: Ball 2-0: Grounds into double play, 6-4-3 (Groundball, 6, EV 89.4 MPH)
|
| Top of the 9th over - 0 runs, 1 hit, 0 errors, 0 left on base; Miami 7 - Daytona Beach 5 |
| BOTTOM OF THE 9TH |
|
Daytona Beach Islanders batting - Pitching for Miami Whales : LHP Alex Gomez
|
|
Batting: SHB Michael Frierson
|
0-0: Called Strike 0-1: Ground out 6-3 (Groundball, 6, EV 101.3 MPH)
|
|
Batting: RHB Juan Salinas
|
0-0: Called Strike 0-1: Foul Ball, location: 2F 0-2: Ball 1-2: Ball 2-2: Foul Ball, location: 2F 2-2: Foul Ball, location: 2F 2-2: Strikes out swinging
|
|
Batting: LHB Jim Eppard
|
0-0: Ball 1-0: SINGLE (Groundball, 34D, EV 98.1 MPH) (infield hit)
|
|
Batting: RHB Columbus Duncan
|
0-0: Called Strike 0-1: Foul Ball, location: 2F 0-2: Strikes out swinging
|
| Bottom of the 9th over - 0 runs, 1 hit, 0 errors, 1 left on base; Miami 7 - Daytona Beach 5 |
|